 Dungeon Crawl Stone Soup version 0.21-a0-498-g1b60429 (webtiles) character file.

11 tof the Skirmisher (level 2, -2/24 HPs)
             Began as a Demonspawn Berserker on Nov 24, 2017.
             Was a Follower of Trog.
             Slain by a kobold
             ... wielding a +2 dagger of electrocution
              (15 damage)
             ... on level 1 of the Dungeon.
             The game lasted 00:00:56 (396 turns).

tof the Skirmisher (Demonspawn Berserker)            Turns: 396, Time: 00:00:57

Health: -2/24      AC:  2    Str: 17    XL:     2   Next: 17%
Magic:  2/2        EV: 12    Int:  8    God:    Trog [*.....]
Gold:   35         SH:  0    Dex: 12    Spells: 1/1 levels left

rFire    . . .     SeeInvis .   a - +0 falchion
rCold    . . .     Gourm    .   (no shield)
rNeg     . . .     Faith    .   b - +0 animal skin
rPois    .         Spirit   .   (helmet restricted)
rElec    .         Reflect  .   (no cloak)
rCorr    .         Harm     .   (no gloves)
MR       .....                  (no boots)
Stlth    +.........             (no amulet)
HPRegen  0.08/turn              (no ring)
MPRegen  0.08/turn              (no ring)

@: no status effects
A: horns 1
a: Berserk, Burn Spellbooks, Renounce Religion


You were on level 1 of the Dungeon.
You worshipped Trog.
Trog was aware of your devotion.
You were not hungry.

You visited 1 branch of the dungeon, and saw 1 of its levels.

You collected 35 gold pieces.

Inventory:

Hand Weapons
 a - a +0 falchion (weapon)
Armour
 b - a +0 animal skin (worn)
Scrolls
 i - a scroll of amnesia {unknown}
Potions
 e - a potion of curing {unknown}
 g - 2 potions of cancellation {unknown}
 j - a potion of heal wounds {unknown}
Comestibles
 c - a bread ration
 d - a royal jelly
 f - 2 meat rations
 h - a chunk of flesh


   Skills:
 + Level 3.1 Fighting
 * Level 3.0 Long Blades
 + Level 2.0 Armour
 + Level 2.0 Dodging


You had one spell level left.
You didn't know any spells.

Dungeon Overview and Level Annotations

Branches:
Dungeon (1/15)

Altars:


Innate Abilities, Weirdness & Mutations

You have a pair of small horns on your head.


Message History

You hit the goblin but do no damage.
The goblin is moderately wounded.
The goblin hits you with a club.
You barely miss the goblin.
The goblin is moderately wounded.
The goblin barely misses you.
You riposte.
You barely miss the goblin.
The goblin is moderately wounded.
The kobold hits you with a dagger of electrocution.
You barely miss the goblin.
The goblin is moderately wounded.
The goblin hits you with a club. The kobold barely misses you.
You riposte.
You closely miss the kobold. You hit the goblin.
You kill the goblin!
Trog accepts your kill.
Your Long Blades skill increases to level 3!
Your Armour skill increases to level 2!
The kobold hits you but does no damage.
You are electrocuted!
Ouch! That really hurt!
You die...

#.#
#########. .
#.# ........
#. #.#
..#####.
##.######.#
#..
....?..#.#
#..
##.....#.#
#..
#......#[#
#..
#...g).#.#
#..
#.#.#..@.#.#
#..
#.....K†.#.#
#..
###$#...##.#
#..
...........#
...
....########
... ....
#... ... ##


You could see a goblin and a kobold.

Vanquished Creatures
  2 giant cockroaches (D:1)
  3 goblins (D:1)
  3 bats (D:1)
  3 rats (D:1)
11 creatures vanquished.

Notes
Turn   | Place    | Note
-------+----------+-------------------------------------------
     0 | D:1      | tof the Demonspawn Berserker began the quest for the Orb.
     0 | D:1      | Reached XP level 1. HP: 18/18 MP: 1/1
   253 | D:1      | Gained mutation: You have a pair of small horns on your head. [demonic ancestry]
   253 | D:1      | Reached XP level 2. HP: 19/24 MP: 2/2
   396 | D:1      | Slain by a kobold

Vault maps used:
D:1:      dpeg_arrival_more_subterranean_lakeside_camping

Skill      XL: |  1  2 |
---------------+-------+-----
Dodging        | 2 |  2.0
Long Blades    | 3 |  3.0
Armour         | 2 |  2.0
Fighting       | |  3.1

Action                   || total
-------------------------++-------
Melee: Falchion          ||    33
       Headbutt          ||     2
Armor: Animal skin       ||    11
Dodge: Dodged            ||    40
       Rpst.: Falchion   ||    11

Table legend:
 A = Spawn XP
 B = Non-spawn XP
 C = Spawn XP percentage of total XP
 D = Spawn monster count
 E = Non-spawn monster count
 F = Spawn count percentage of total count
 G = Total turns spent on level
                    A         B        C        D         E        F      G
               +---------+---------+-------+---------+---------+-------+---------
         Total |       0 |      17 |   0.0 |       0 |      11 |   0.0 |   396
               +---------+---------+-------+---------+---------+-------+---------
           D:1 |       0 |      17 |   0.0 |       0 |      11 |   0.0 |   396
               +---------+---------+-------+---------+---------+-------+---------
